 Dungeon Crawl Stone Soup version 0.27-a0-1347-gd8886f0a89 (webtiles) character file.

Game seed: 15412969936071195867

3 Shayle the Sneak (level 1, 0/16 HPs)
             Began as a Naga Hedge Wizard on June 28, 2021.
             Slain by a gnoll (4 damage)
             ... on level 1 of the Dungeon.
             The game lasted 00:01:07 (231 turns).

Shayle the Sneak (Naga Hedge Wizard)                 Turns: 231, Time: 00:01:08

Health: 0/16       AC:  1    Str: 12    XL:     1   Next: 50%
Magic:  4/4        EV:  9    Int: 14    God:
Gold:   7          SH:  0    Dex: 10    Spells: 5/6 levels left

rFire    . . .     SeeInvis +   a - +0 dagger
rCold    . . .     Faith    .   (no shield)
rNeg     . . .     Spirit   .   b - +0 robe
rPois    +         Reflect  .   c - +0 hat
rElec    .         Harm     .   (no cloak)
rCorr    .         Rampage  .   (no gloves)
Will     .....                  (no barding)
Stlth    ++........             (no amulet)
HPRegen  0.05/turn              (no ring)
MPRegen  0.09/turn              (no ring)

@: short of breath, very slow
A: AC +0, large, see invisible, deformed body, poison resistance, slowness 2,
spit poison 1, naga tail 1
a: Spit Poison


You were on level 1 of the Dungeon.
You visited 1 branch of the dungeon, and saw 1 of its levels.

You collected 7 gold pieces.

Inventory:

Hand Weapons
 a - a +0 dagger (weapon)
 e - a +0 dagger of venom
Armour
 b - a +0 robe (worn)
 c - a +0 hat (worn)
Potions
 d - 2 potions of degeneration {unknown}


   Skills:
 + Level 0.3 Fighting
 + Level 1.6 Dodging
 - Level 3.0 Stealth
 - Level 3.0 Spellcasting
 - Level 1.0 Conjurations
 - Level 1.0 Summonings
 - Level 1.0 Translocations
 + Level 0.4 Invocations


You had 5 spell levels left.
You knew the following spells:

 Your Spells              Type           Power      Damage    Failure   Level
a - Magic Dart            Conj           16%        1d3       14%         1

Your spell library contained the following spells:

 Spells                   Type           Power      Damage    Failure   Level
 Blink                    Tloc           N/A        N/A       22%         2
 Call Imp                 Summ           4%         N/A       22%         2
 Slow                     Hex            2%         N/A       32%         2
 Conjure Flame            Conj/Fire      3%         6-21      45%         3
 Mephitic Cloud           Conj/Pois/Air  3%         N/A       50%         3


Dungeon Overview and Level Annotations

Branches:
Dungeon (1/15)

Altars:


Innate Abilities, Weirdness & Mutations

Your serpentine skin is tough. (AC +0)
You have supernaturally acute eyesight. (SInv)
Armour fits poorly on your strangely shaped body.
Your system is resistant to poisons. (rPois)
You cover ground very slowly.
You can spit poison.
You have a snake-like lower body.


Message History

There is an open door, spattered with blood here.
You see here a frilled lizard corpse.
HP restored.
You now have 7 gold pieces.
As you open the door, it creaks loudly!
There is an open door here.
There is an open door here.
A goblin comes into view. It is wielding a +0 dagger of venom.
Press: ? - help, Shift-Dir - straight line, f - goblin
Aim: a goblin, wielding a +0 dagger of venom (asleep)
The splash of poison hits the goblin!
The goblin is poisoned.
You kill the goblin!
You have got your breath back.
You see here a +0 dagger of venom.
e - a +0 dagger of venom
Found an escape hatch in the floor.
Found 21 stones.
You see here 21 stones.
A rat comes into view.
A gnoll comes into view. It is wielding a +0 spear.
Found a sedimented pink potion and 5 gold pieces.
Press: ? - help, Shift-Dir - straight line, f - rat
Aim: a rat The splash of poison hits the rat.
The rat is poisoned.
You kill the rat!
You have got your breath back.
You see here 21 stones.
Press: ? - help, Shift-Dir - straight line, f - gnoll
Aim: a gnoll, wielding a +0 spear The splash of poison misses the gnoll.
The gnoll hits you from afar with a +0 spear!
Ouch! That really hurt!
You have got your breath back.
The gnoll hits you from afar with a +0 spear.
* * * LOW HITPOINT WARNING * * *
Press: ? - help, Shift-Dir - straight line, f/p - gnoll
Aim: a gnoll, wielding a +0 spear The splash of poison misses the gnoll.
The gnoll hits you from afar with a +0 spear.
You die...

.. ....... #.##...# #....##
#.....# #.###.#####
#...#...(.### #..####.g.#
##.## ###.##### #...##
#.@...# ###..# #...###
#######.###...# ♣♣♣♣♣
..............# ♣♣♣...#####
#.>....#######♣♣♣♣..........
.###.........................
........................#####
###.....###..................
########...............P...


You could see a gnoll.

Vanquished Creatures
  A goblin (D:1)
  A frilled lizard (D:1)
  2 rats (D:1)
4 creatures vanquished.

Notes
Turn   | Place    | Note
-------+----------+-------------------------------------------
     0 | D:1      | Shayle the Naga Hedge Wizard began the quest for the Orb.
     0 | D:1      | Reached XP level 1. HP: 15/15 MP: 4/4
   231 | D:1      | Slain by a gnoll

Illustrated notes

Levels and vault maps discovered:
D:1:      sevenhm_arrival_forest_fort_large_4, layout_rooms, minivault_25,
          minmay_tetromino_s2

Action                   || total
-------------------------++-------
Melee: Dagger            ||     6
 Abil: Spit Poison       ||     5
Dodge: Dodged            ||     6

Table legend: (Time is in decaauts)
 A = Elapsed time spent in this place.
 B = Non-inter-level travel time spent in this place.
 C = Inter-level travel time spent in this place.
 D = Time resting spent in this place.
 E = Time spent auto-exploring this place.
 F = Levels seen in this place.
 G = Mean time per level.
                   A        B        C        D        E       F      G
               +--------+--------+--------+--------+--------+-----+--------+
         Total |    281 |    281 |      0 |      0 |    224 |   1 |  281.0 |
       Dungeon |    281 |    281 |      0 |      0 |    224 |   1 |  281.0 |
               +--------+--------+--------+--------+--------+-----+--------+

Top non-repeatable levels by time:
     D:1: 281 daAuts
